 Dungeon Crawl Stone Soup version 0.28.0-45-g0d030f2227 (webtiles) character file.

Game seed: 17791856883147337164

854 H0rd4k the Thaumaturge (level 7, -4/36 HPs)
             Began as a Deep Elf Hedge Wizard on Apr 19, 2022.
             Slain by a two-headed ogre
             ... wielding a +0 giant club
              (11 damage)
             ... on level 6 of the Dungeon.
             The game lasted 00:09:29 (8295 turns).

H0rd4k the Thaumaturge (Deep Elf Hedge Wizard)      Turns: 8295, Time: 00:09:29

Health: -4/36      AC:  2    Str:  7    XL:     7   Next: 70%
Magic:  21/21      EV: 13    Int: 21    God:
Gold:   323        SH:  0    Dex: 14    Spells: 15/24 levels left

rFire   . . .      SeeInvis .   a - staff of cold
rCold   + . .      Faith    .   (no shield)
rNeg    . . .      Spirit   .   b - +0 robe
rPois   .          Reflect  .   c - +0 hat
rElec   .          Harm     .   (no cloak)
rCorr   .          Rampage  .   (no gloves)
Will    .....                   (no boots)
Stlth   ++........              (no amulet)
HPRegen 0.12/turn               (no ring)
MPRegen 0.17/turn               (no ring)

@: no status effects
A: no striking features
a: no special abilities


You were on level 6 of the Dungeon.
You visited 1 branch of the dungeon, and saw 6 of its levels.
You also visited: Ossuary.

You collected 323 gold pieces.

Inventory:

Hand Weapons
 k - a +3 dagger
Armour
 b - a +0 robe (worn)
 c - a +0 hat (worn)
Magical Staves
 a - a staff of cold (weapon)
Scrolls
 d - 2 scrolls of teleportation
 f - 3 scrolls of enchant weapon {unknown}
 i - 2 scrolls of fear {unknown}
 j - a scroll of blinking {unknown}
 l - 2 scrolls of enchant armour {unknown}
 m - 3 scrolls of identify {unknown}
 o - a scroll of magic mapping {unknown}
 t - a scroll of immolation {unknown}
 u - a scroll of brand weapon {unknown}
Potions
 e - a potion of experience {unknown}
 g - a potion of haste
 h - 3 potions of heal wounds {unknown}
 n - 2 potions of berserk rage {unknown}
 p - a potion of resistance {unknown}
 q - a potion of attraction {unknown}
 r - a potion of mutation {unknown}
 s - a potion of curing


   Skills:
 + Level 0.1 Fighting
 + Level 3.1 Dodging
 - Level 2.4 Stealth
 + Level 9.2 Spellcasting
 + Level 5.4 Conjurations
 + Level 1.1 Summonings
 + Level 1.6 Translocations
 + Level 1.3 Fire Magic
 + Level 1.5 Air Magic
 + Level 1.4 Poison Magic


You had 15 spell levels left.
You knew the following spells:

 Your Spells              Type           Power      Damage    Failure   Level
a - Magic Dart            Conj           100%       1d8       1%          1
b - Blink                 Tloc           32%        N/A       5%          2
c - Conjure Flame         Conj/Fire      23%        6-21      5%          3
d - Mephitic Cloud        Conj/Pois/Air  21%        N/A       7%          3

Your spell library contained the following spells:

 Spells                   Type           Power      Damage    Failure   Level
 Slow                     Hex            36%        N/A       7%          1
 Call Imp                 Summ           14%        N/A       7%          2
 Ignite Poison            Fire/Tmut/Pois 13%        N/A       14%         3
 Sticky Flame             Conj/Fire      23%        2d4       17%         4


Dungeon Overview and Level Annotations

Branches:
Dungeon (6/15)            Ossuary (visited)
 Temple: D:4-7

Altars:
Trog

Shops:
D:4 (

Annotations:
D:3 exclusions: 2 downstairs and necrophage
D:4 1 runed translucent door, exclusion: door, Crazy Yiuf
D:6 Edmund; asishallab's ghost, novice DrFi


Message History

Unknown command.
Done exploring.
Unknown command.
Okay, then.
Unknown command.
There is an open door here.
You open the door.
There is an open door here.
Really walk onto that alarm trap?
You set off the alarm!
The alarm trap emits a blaring wail!
A sentinel's mark forms upon you.
Really walk onto that alarm trap? [Y]es or [N]o only, please.
Really walk onto that alarm trap? [Y]es or [N]o only, please.
Really walk onto that alarm trap? [Y]es or [N]o only, please.
Really walk onto that alarm trap? [Y]es or [N]o only, please.
Really walk onto that alarm trap?
You set off the alarm!
The alarm trap emits a blaring wail!
The mark upon you grows brighter.
There is an open door here.
There is a gate leading back out of this place here.
You start waiting.
The sentinel's mark upon you fades away.
There is an empty arch of ancient stone here.
There is a gate leading back out of this place here.
Welcome back to the Dungeon!
Level annotation: Edmund; asishallab's ghost, novice DrFi The two-headed ogre barely misses you.
The two-headed ogre hits you with a +0 dire flail!
There is a collapsed entrance here.
The two-headed ogre hits you with a +0 giant club!!
Ouch! That really hurt!
* * * LOW HITPOINT WARNING * * *
The two-headed ogre hits you with a +0 dire flail!
You die...

#.##...##..
#.###.### #
#...###.##.#
#.#
#?...##.##.#
#.#
......#.##.#
#.#
.#+#...#.##.#
#.##
..#!#.$...##.#
#.##.
###.###..O...#
#.#..
+.O...+.....
##### #
###@###..# ..
#.. #.#...# ..
.....#'#...#
## #.........#
# #####.#####
.. ...# ..
##..# #..#
#..#


You could see a two-headed ogre.

Vanquished Creatures
  A black bear (D:4)
  A bullfrog (D:4)
  A scorpion (D:4)
  2 bullfrog skeletons (D:5)
  A centaur zombie (D:5)
  3 hounds
  An orc priest (D:4)
  Terence (D:3)
  3 iguanas
  2 orc wizards
  A hound zombie (D:5)
  A mummy (Ossuary)
  Robin (D:3)
  5 adders
  A white imp (D:5)
  An ufetubus (D:5)
  An adder skeleton (D:4)
  An adder zombie (D:5)
  A worm (D:3)
  6 dart slugs
  9 orcs
  3 spectral bats (Ossuary)
  3 bats
  5 endoplasms
  3 giant cockroaches
  12 gnoll zombies (Ossuary)
  24 goblins
  11 hobgoblins
  5 jackals
  3 quokkas
  6 ball pythons
  A bat simulacrum (Ossuary)
  4 frilled lizards
  2 goblin simulacra (Ossuary)
  4 goblin zombies (Ossuary)
  10 hobgoblin zombies (Ossuary)
  12 kobolds
  3 kobold simulacra (Ossuary)
  3 kobold zombies (Ossuary)
  An orc zombie (Ossuary)
  7 rats
  5 rat simulacra (Ossuary)
  A spectral goblin (Ossuary)
  5 spectral kobolds (Ossuary)
  A spectral rat (Ossuary)
178 creatures vanquished.

Vanquished Creatures (others)
  25 plants (D:2)
25 creatures vanquished.

Grand Total: 203 creatures vanquished

Notes
Turn   | Place    | Note
-------+----------+-------------------------------------------
     0 | D:1      | H0rd4k the Deep Elf Hedge Wizard began the quest for the
                  | Orb.
     0 | D:1      | Reached XP level 1. HP: 10/10 MP: 7/7
   303 | D:1      | Reached XP level 2. HP: 12/15 MP: 3/9
   495 | D:1      | Reached skill level 5 in Spellcasting
  1014 | D:1      | Reached XP level 3. HP: 19/19 MP: 8/11
  1017 | D:1      | Learned a level 2 spell: Blink
  1021 | D:1      | Learned a level 3 spell: Conjure Flame
  1025 | D:1      | Learned a level 3 spell: Mephitic Cloud
  1523 | D:2      | Identified the +5 plate armour of Uvots {rElec rF+}
  2010 | D:2      | Reached skill level 1 in Poison Magic
  2131 | D:2      | Reached XP level 4. HP: 24/24 MP: 2/13
  2512 | D:3      | Found a faded altar of an unknown god.
  2592 | D:3      | Reached skill level 6 in Spellcasting
  2981 | D:3      | Noticed Terence
  3005 | D:3      | Killed Terence
  3296 | D:3      | Reached skill level 1 in Air Magic
  3396 | D:3      | Noticed a necrophage
  3459 | D:3      | Reached XP level 5. HP: 28/28 MP: 13/15
  3895 | D:3      | Noticed Robin
  3913 | D:3      | Killed Robin
  3981 | D:3      | Reached skill level 1 in Fire Magic
  4573 | D:4      | Found Huhy's Weapon Emporium.
  4719 | D:4      | Noticed a black bear
  4732 | D:4      | Killed a black bear
  4733 | D:4      | Reached skill level 7 in Spellcasting
  4733 | D:4      | Reached XP level 6. HP: 19/32 MP: 3/18
  5233 | D:4      | Reached skill level 8 in Spellcasting
  5458 | D:4      | Reached XP level 7. HP: 22/36 MP: 13/21
  5700 | D:4      | Found a runed translucent door.
  5701 | D:4      | Noticed Crazy Yiuf
  5871 | D:5      | Entered Level 5 of the Dungeon
  6410 | D:5      | Reached skill level 5 in Conjurations
  6595 | D:5      | Reached skill level 9 in Spellcasting
  6786 | D:6      | Found a bloodstained altar of Trog.
  6823 | D:6      | Noticed asishallab's ghost (novice DrFi)
  6823 | D:6      | Noticed Edmund
  6838 | D:6      | Noticed a two-headed ogre
  6888 | D:6      | HP: 1/36 [orc/+0 short sword (2)]
  6911 | D:6      | Found a sand-covered staircase.
  6917 | Ossuary  | Entered an ossuary
  8295 | D:6      | Slain by a two-headed ogre

Illustrated notes

Levels and vault maps discovered:
D:1:      minmay_arrival_loop, layout_loops_cross, minmay_quantized
D:2:      layout_loops_cross, st_stairs_5, minmay_misc_feat_cross,
          kennysheep_boxes
D:3:      layout_loops_corners, shapermc_ecumenical_altar_pompeii,
          minmay_bisected, uniq_robin, uniq_terence
D:4:      layout_rooms, serial_shops,
          nicolae_shop_temple_entry_statues_fountains,
          amcnicky_mini_corridor_feature, uniq_crazy_yiuf_cottage
D:5:      layout_rooms
D:6:      layout_loops_ring, trog_hazing_becter, gammafunk_ghost_smash,
          nicolae_ossuary_entry_plus, uniq_edmund

Skill      XL: |  1  2  3  4  5  6  7 |
---------------+----------------------+-----
Spellcasting   | 5 6 7 8 9 |  9.2
Conjurations   | 2 3 4 5 |  5.4
Poison Magic   | 1 |  1.4
Air Magic      | 1 |  1.5
Fire Magic     | 1 |  1.3
Dodging        | 3 |  3.1
Fighting       | |  0.1
Stealth        | |  2.4
Summonings     | |  1.1
Translocations | |  1.6

Action                   |  1- 3 |  4- 6 |  7- 9 || total
-------------------------+-------+-------+-------++-------
Melee: Dagger            |       |     3 |       ||     3
 Cast: Magic Dart        |   131 |   158 |   217 ||   506
       Mephitic Cloud    |       |     4 |     4 ||     8
       Conjure Flame     |       |     4 |     3 ||     7
       Blink             |       |       |     7 ||     7
  Use: Scroll            |       |       |     2 ||     2
Armor: Robe              |     5 |     4 |    13 ||    22
Dodge: Dodged            |    17 |    26 |    48 ||    91
